 Dungeon Crawl Stone Soup version 0.32-a0-484-g2eb335deba (webtiles) character file.

Game seed: 14015995965602997702

3102 mopl the Insei (level 9, -6/90 HPs)
             Began as an Octopode Shapeshifter on Feb 26, 2024.
             Was a Follower of Uskayaw.
             Mangled by a purple ugly thing (13 damage)
             ... on level 8 of the Dungeon.
             The game lasted 00:06:51 (3933 turns).

mopl the Insei (Octopode Shapeshifter)              Turns: 3933, Time: 00:06:51

Health: -6/90      AC: 24    Str: 13    XL:     9   Next: 90%
Magic:  0/11       EV:  2    Int: 12    God:    Uskayaw [*.....]
Gold:   309        SH:  0    Dex: 22    Spells: 7/10 levels left

rFire   . .          .
                       - Unarmed
rCold   . . .        (no shield)
rNeg    . . .        (helmet currently unavailable)
rPois   +            f - amulet of guardian spirit
rElec   .            k - ring of wizardry
rCorr   .            x - +6 ring of dexterity
SInv    .            (no ring)
Will    .....        (no ring)
Stlth   ++           (no ring)
HPRegen 0.35/turn    (no ring)
MPRegen 0.12/turn    (no ring)
                     (no ring)

%: guardian spirit, wizardry (x1)
@: tree-form (expiring)
A: stationary, stasis, torment immunity, boosted hp, almost no armour,
(amphibious), 8 rings, (camouflage 1), (gelatinous body 1), (nimble swimmer 1),
(tentacles)
a: Renounce Religion, Stomp


You were on level 8 of the Dungeon.
You worshipped Uskayaw.
Uskayaw was noncommittal.
You were a tree.
You visited 2 branches of the dungeon, and saw 9 of its levels.
You also visited: Sewer.

You collected 309 gold pieces.

Inventory:

Hand Weapons
 o - a +0 arbalest
 B - the +6 dagger "Amilul" {heavy, rElec}
   (You found it on level 4 of the Dungeon)

   rElec:     It insulates you from electricity.
Missiles
 d - 6 poisoned darts (quivered)
Armour
 q - a +0 buckler
Jewellery
 f - an amulet of guardian spirit (around neck)
 k - a ring of wizardry (left branch)
 x - a +6 ring of dexterity (right branch)
Talismans
 b - a beast talisman (active)
 c - a flux talisman
Wands
 z - a wand of mindburst (4)
 D - a wand of acid (4)
 F - a wand of charming (12)
Scrolls
 e - 2 scrolls of fear {unknown}
 h - 4 scrolls of teleportation
 l - a scroll of enchant weapon {unknown}
 m - 7 scrolls of torment {unknown}
 p - 3 scrolls of identify {unknown}
 r - 2 scrolls of blinking {unknown}
 t - a scroll of poison {unknown}
 u - 3 scrolls of noise {unknown}
 y - a scroll of revelation {unknown}
Potions
 a - 4 potions of lignification {!q}
 g - 2 potions of magic
 i - 3 potions of curing
 j - 3 potions of heal wounds {unknown}
 n - 2 potions of degeneration {unknown}
 s - 2 potions of might {unknown}
 v - 2 potions of cancellation {unknown}
 w - a potion of invisibility {unknown}
 A - 2 potions of haste {unknown}
 C - 2 potions of berserk rage {!q}
 E - a potion of attraction {unknown}


   Skills:
 + Level 4.9 Fighting
 + Level 5.3 Dodging
 * Level 7.6 Unarmed Combat
 - Level 1.0 Spellcasting
 + Level 3.1 Necromancy
 + Level 3.3 Invocations
 + Level 3.0 Evocations
 * Level 7.1 Shapeshifting


You had 7 spell levels left.
You knew the following spells:

 Your Spells              Type           Power      Damage    Failure   Level
a - Vampiric Draining     Necr           8%         2d6       11%         3

Your spell library contained the following spells:

 Spells                   Type           Power      Damage    Failure   Level
 Necrotise                Necr           32%        1d5       3%          1
 Sublimation of Blood     Necr           8%         N/A       5%          2
 Call Imp                 Summ           0%         N/A       17%         2
 Martyr's Knell           Necr/Summ      4%         N/A       52%         4
 Curse of Agony           Necr           8%         N/A       65%         5
 Petrify                  Alch/Erth      0%         N/A       71%         4
 Irradiate                Conj/Alch      0%         3d11      96%         5
 Summon Hydra             Summ           0%         N/A       100%        7


Dungeon Overview and Level Annotations

Branches:
Dungeon (9/15)             Temple (1/1) D:4           Sewer (visited)
   Lair: D:8-11         Orc: D:9-12

Altars:
Ashenzari
Dithmenos
Elyvilon
Fedhas
Gozag
Hepliaklqana
Kikubaaqudgha
Nemelex Xobeh
Okawaru
Trog
Uskayaw
Xom
Yredelemnul
Zin
Lugonu

Shops:
D:3 (


Innate Abilities, Weirdness & Mutations

You are a tree.
Your roots penetrate the ground, keeping you stationary.
You cannot be teleported.
You are immune to unholy pain and torment.
Your maximum health is greatly increased.
You cannot wear most types of armour.
((You are amphibious.))
You can wear up to eight rings at the same time.
((Your skin changes colour to match your surroundings (Stealth+).))
((Your rubbery body absorbs attacks. (AC +1, EV +1)))
((You are camouflaged when in or above water. (Stealth+)))
((You have tentacles for arms and can constrict up to eight enemies at once.))


Message History

The centaur warrior kicks you but does no damage.
Your Dodging skill increases to level 5!
Unknown command.
Aiming: Corrosive Bolt
Press: ? - help, Shift-Dir - straight line The bolt of acid hits the centaur warrior!!
The centaur warrior seems to be corroded for longer.
You kill the centaur warrior!
The bolt of acid hits the howler monkey!
You kill the howler monkey!
The bolt of acid misses the sky beast.
You can now merge with and destroy a victim.
Your Necromancy skill increases to level 3!
Your Invocations skill increases to level 3!
Your Shapeshifting skill increases to level 7!
Unknown command.
Unknown command.
Aiming: Mindburst
Press: ? - help, Shift-Dir - straight line The sky beast's mind is blasted!!
You blow up the sky beast!
Your Evocations skill increases to level 3!
Unknown command.
You start resting.
A purple ugly thing comes into view.
The purple ugly thing gurgles horribly!
You can no longer pass through a line of other dancers.
Your transformation is almost over.
You hit the purple ugly thing.
The purple ugly thing is lightly wounded.
The purple ugly thing tentacle-slaps you.
* * * LOW HITPOINT WARNING * * *
You hit the purple ugly thing.
The purple ugly thing is lightly wounded.
The purple ugly thing tentacle-slaps you but does no damage.
You smack the purple ugly thing!
The purple ugly thing is moderately wounded.
The purple ugly thing tentacle-slaps you!
You die...
Your body falls in perfect tune with the rhythm.

y... .. ##..# #
##..#..## ...#..# #
#..#..### #.#
..##...# ....#.)#...#
.....))#...#
#####..u##..#
##...####♣#..# .
.$......###..# .o
#.........# ...
#.........#
....##############.##
....'>......o.......#
....#################
... ..


You could see a purple ugly thing.

Vanquished Creatures
  2 centaur warriors (D:8)
  Grinder (D:6)
  A hornet (D:8)
  Sigmund (D:2)
  An orc warrior (D:8)
  2 sky beasts
  A crocodile (Sewer)
  An ogre (D:4)
  A brain worm (Sewer)
  3 scorpions (D:5)
  A wight (D:8)
  2 howler monkeys
  A bombardier beetle (D:4)
  5 hounds
  An orc priest (D:5)
  A sleepcap (D:5)
  An iguana (D:5)
  4 orc wizards
  8 adders
  A river rat (D:6)
  A shadow imp (D:8)
  A white imp (D:5)
  2 dart slugs
  3 ribbon worms
  5 orcs
  4 ball pythons
  4 endoplasms
  5 giant cockroaches
  6 goblins
  7 hobgoblins
  5 quokkas
  16 bats
  5 frilled lizards
  4 kobolds
  3 rats
110 creatures vanquished.

Vanquished Creatures (others)
  An adder (D:4)
1 creature vanquished.

Grand Total: 111 creatures vanquished

Notes
Turn   | Place    | Note
-------+----------+-------------------------------------------
     0 | D:1      | mopl the Octopode Shapeshifter began the quest for the Orb.
     0 | D:1      | Reached XP level 1. HP: 13/13 MP: 1/1
    47 | D:1      | Reached XP level 2. HP: 15/18 MP: 2/2
   956 | D:2      | Reached XP level 3. HP: 23/23 MP: 3/3
  1085 | D:2      | Noticed Sigmund
  1155 | D:2      | Killed Sigmund
  1156 | D:2      | Reached skill level 2 in Fighting
  1156 | D:2      | Reached skill level 4 in Unarmed Combat
  1156 | D:2      | Reached skill level 4 in Shapeshifting
  1156 | D:2      | Reached XP level 4. HP: 29/29 MP: 4/4
  1156 | D:2      | Reached XP level 5. HP: 34/34 MP: 5/5
  1307 | D:3      | Found a white marble altar of Elyvilon.
  1384 | D:3      | Reached XP level 6. HP: 36/40 MP: 6/6
  1649 | D:3      | Found Biwugheu's Weapon Shoppe.
  2075 | D:4      | Reached skill level 3 in Dodging
  2193 | D:4      | Reached skill level 5 in Unarmed Combat
  2347 | D:4      | Reached XP level 7. HP: 45/45 MP: 7/7
  2498 | D:4      | Identified the +6 dagger "Amilul" {heavy, rElec}
  2546 | D:4      | Found a staircase to the Ecumenical Temple.
  2555 | Temple   | Entered the Ecumenical Temple
  2696 | D:5      | Entered Level 5 of the Dungeon
  2723 | D:5      | Reached skill level 5 in Shapeshifting
  2784 | D:5      | Reached skill level 3 in Fighting
  3011 | D:5      | Found a broken altar of Ashenzari.
  3073 | D:5      | Found a hide-covered altar of Uskayaw.
  3097 | D:5      | Reached XP level 8. HP: 49/52 MP: 6/8
  3139 | D:5      | Became a worshipper of Uskayaw the Reveller
  3179 | D:5      | Found an ancient bone altar of Kikubaaqudgha.
  3198 | D:5      | Reached * piety under Uskayaw
  3262 | D:5      | Reached ** piety under Uskayaw
  3268 | D:5      | Learned a level 3 spell: Vampiric Draining
  3294 | D:5      | Reached skill level 4 in Dodging
  3294 | D:5      | Reached skill level 6 in Unarmed Combat
  3301 | D:5      | Found a blossoming altar of Fedhas.
  3626 | D:6      | Reached *** piety under Uskayaw
  3634 | D:6      | Found a glowing drain.
  3638 | Sewer    | Entered a sewer
  3667 | Sewer    | Reached skill level 1 in Invocations
  3684 | Sewer    | Reached skill level 1 in Necromancy
  3789 | D:6      | Noticed Grinder
  3803 | D:6      | Killed Grinder
  3804 | D:6      | Reached skill level 1 in Spellcasting
  3804 | D:6      | Reached skill level 6 in Shapeshifting
  3809 | D:6      | You fall into a shaft and drop 3 floors!
  3887 | D:8      | Reached skill level 4 in Fighting
  3887 | D:8      | Reached skill level 1 in Evocations
  3898 | D:8      | Noticed a centaur warrior
  3900 | D:8      | Noticed a hornet
  3901 | D:8      | Noticed a centaur warrior
  3907 | D:8      | Killed a centaur warrior
  3908 | D:8      | Reached skill level 7 in Unarmed Combat
  3908 | D:8      | Reached skill level 2 in Necromancy
  3908 | D:8      | Reached skill level 2 in Invocations
  3908 | D:8      | Reached skill level 2 in Evocations
  3908 | D:8      | Reached XP level 9. HP: 6/59 MP: 2/10
  3908 | D:8      | HP: 1/88 [centaur warrior/arrow (10)]
  3910 | D:8      | Reached **** piety under Uskayaw
  3911 | D:8      | Killed a hornet
  3912 | D:8      | Reached skill level 5 in Dodging
  3912 | D:8      | Killed a centaur warrior
  3912 | D:8      | Reached ***** piety under Uskayaw
  3913 | D:8      | Reached skill level 3 in Necromancy
  3913 | D:8      | Reached skill level 3 in Invocations
  3913 | D:8      | Reached skill level 7 in Shapeshifting
  3914 | D:8      | Reached skill level 3 in Evocations
  3925 | D:8      | Noticed a purple ugly thing
  3933 | D:8      | Mangled by a purple ugly thing

Illustrated notes

Levels and vault maps discovered:
D:1:      dpeg_arrival_arbitrary_a, layout_loops_ring, serial_park_tiny_2
D:2:      layout_rooms, uniq_sigmund
D:3:      layout_loops_cross, mainiacjoe_overflow_brackets, serial_shops,
          nicolae_shop_advertising_works [nicolae_subvault_shop_adworks],
          dk_vineyard_1
D:4:      layout_basic, lemuel_temple_firewalk_a, chequers_serial_rivers_micro_e
D:5:      layout_basic, fedhas_altar_fruit_tree, kiku_gazebo_pond_becter,
          mainiacjoe_overflow_catwalk_spiral, serial_bayou_lagoon_a,
          grunt_ministairs_6, corexii_shack, minmay_crystal_room
D:6:      layout_rooms, mainiacjoe_ossuary_entry_dusty_tomb,
          gup_sewer_entry_bowl, uniq_grinder
D:8:      layout_basic, kennysheep_little_box, serial_park_tiny_2,
          minmay_pinched_square, uniq_gastronok, uniq_jeremiah
D:9:      layout_irregular_city, slow_altar_2, hellmonk_lair_entry_icy,
          worms_lemuel
Temple:   corrupted_temple

Skill      XL: |  1  2  3  4  5  6  7  8  9 |
---------------+----------------------------+-----
Fighting       | 2 3 4 |  4.9
Unarmed Combat | 4 5 7 |  7.6
Shapeshifting  | 4 5 6 7 |  7.1
Dodging        | 3 4 5 |  5.3
Invocations    | 2 3 |  3.3
Necromancy     | 2 3 |  3.1
Spellcasting   | 1 |  1.0
Evocations     | 2 3 |  3.0

Action                     |  1- 3 |  4- 6 |  7- 9 || total
---------------------------+-------+-------+-------++-------
  Melee: Unarmed           |    45 |    57 |   107 ||   209
         Constrict         |    16 |    15 |    30 ||    61
         Tentacles         |    12 |    10 |    36 ||    58
         Punch             |       |     2 |     5 ||     7
  Evoke: Wand              |       |       |    12 ||    12
    Use: Scroll            |       |     1 |     1 ||     2
         Potion            |       |       |     3 ||     3
   Stab: Sleeping          |     8 |     7 |     3 ||    18
         Distracted        |       |       |     1 ||     1
         Paralysed         |       |       |     4 ||     4
 Armour: Skin              |    20 |    17 |    62 ||    99
  Dodge: Dodged            |    27 |    24 |    65 ||   116

Table legend: (Time is in decaauts)
 A = Elapsed time spent in this place.
 B = Non-inter-level travel time spent in this place.
 C = Inter-level travel time spent in this place.
 D = Time resting spent in this place.
 E = Time spent auto-exploring this place.
 F = Levels seen in this place.
 G = Mean time per level.
                   A        B        C        D        E       F      G
               +--------+--------+--------+--------+--------+-----+--------+
         Total |   3912 |   3575 |    337 |     63 |   2565 |  10 |  391.2 |
       Dungeon |   3824 |   3487 |    337 |     63 |   2565 |   8 |  478.0 |
        Temple |      1 |      1 |      0 |      0 |      0 |   1 |    1.0 |
         Sewer |     85 |     85 |      0 |      0 |      0 |   1 |   85.0 |
               +--------+--------+--------+--------+--------+-----+--------+

Top non-repeatable levels by time:
     D:5: 892 daAuts
     D:3: 740 daAuts
     D:1: 734 daAuts
     D:4: 644 daAuts
     D:2: 566 daAuts
     D:6: 124 daAuts
     D:8: 115 daAuts
   Sewer: 85 daAuts
     D:9: 6 daAuts
  Temple: 1 daAuts
